Map: [ESL] Solaris

Players

Serral - Winner!

  • Race: Zerg Zerg
  • Spawn Location: 7:00

Clem

  • Race: Terran Terran
  • Spawn Location: 1:00

Event: ESL SC2 Masters 2023 Winter (Regional)

VOD

Have the link to the VOD?

Description

Time

  • Played on: Nov. 17, 2023, 11:53 a.m.
  • Length: 14:21

All games in this series

Show
View Real Time Build Order
Export as new Build Order

Serral Zerg - Winner!

Build Orders: Hatch First, Lurkers 

Get SALT Encoding   

  12  0:00  Drone  
  13  0:07  Drone  
  13  0:14  Extractor, Drone  
  15  0:37  Hatchery  
  15  0:41  Extractor, Drone  
  15  0:48  Overlord  
  15  1:02  Spawning Pool  
  14  1:08  Drone  
  14  1:09  Drone  
  16  1:12  Drone  
  17  1:18  Drone  
  18  1:27  Extractor  
  18  1:29  Drone  
  18  1:41  Drone  
  19  1:48  Drone  
  19  1:49  Queen x2  
  19  1:51  Drone  
  25  2:00  Drone  
  26  2:01  Overlord  
  26  2:10  Drone  
  26  2:13  Drone  
  28  2:20  Drone  
  29  2:23  Drone  
  29  2:24  Extractor, Queen  
  32  2:32  Drone  
  32  2:34  Overlord  
  33  2:38  Metabolic Boost  
  33  2:45  Drone  
  33  2:47  Drone  
  34  2:51  Spore Crawler  
  34  2:54  Spore Crawler  
  34  3:00  Drone x3  
  34  3:01  Hatchery  
  34  3:04  Drone x2  
  38  3:06  Drone  
  38  3:09  Drone  
  40  3:13  Drone  
  40  3:14  Overlord  
  40  3:19  Queen  
  43  3:24  Overlord  
  43  3:32  Zergling x8  
  47  3:35  Drone x3  
  47  3:39  Drone x2  
  52  3:42  Queen  
  54  3:49  Zergling x2, Overlord  
  54  3:52  Drone  
  56  3:56  Queen  
  56  4:04  Drone  
  56  4:05  Drone x2  
  56  4:06  Drone  
  56  4:07  Drone  
  60  4:11  Overlord  
  60  4:12  Drone x2  
  60  4:17  Zergling x2, Overlord  
  62  4:18  Zergling x2  
  62  4:23  Drone  
  62  4:24  Drone  
  66  4:27  Queen  
  66  4:28  Overlord  
  66  4:31  Drone  
  69  4:32  Queen  
  69  4:35  Spore Crawler  
  69  4:37  Lair  
  70  4:42  Spore Crawler  
  70  4:43  Drone x2, Spore Crawler  
  70  4:45  Drone  
  71  4:47  Drone x2  
  71  4:50  Drone x2  
  75  4:56  Zergling x2, Baneling Nest  
  75  4:57  Zergling x2  
  75  4:59  Drone  
  79  5:00  Drone x2  
  79  5:04  Queen  
  79  5:05  Overlord  
  81  5:08  Zergling x2, Extractor  
  81  5:09  Extractor, Drone x2  
  81  5:14  Drone x2  
  84  5:24  Drone x3, Overlord  
  84  5:27  Hatchery  
  86  5:30  Drone x2, Evolution Chamber x2  
  86  5:31  Extractor  
  86  5:35  Overseer  
  85  5:37  Zergling x4  
  85  5:38  Drone x4  
  89  5:48  Drone  
  85  5:51  Zergling x2  
  85  5:52  Zergling x2  
  85  5:53  Drone x3  
  85  5:55  Drone x2, Centrifugal Hooks  
  90  6:02  Drone x3  
  90  6:04  Drone  
  94  6:06  Zerg Melee Weapons Level 1  
  94  6:07  Zerg Ground Armor Level 1  
  94  6:10  Hatchery  
  93  6:12  Drone x5  
  93  6:17  Baneling x7  
  98  6:18  Baneling  
  98  6:19  Drone  
  98  6:23  Drone  
  98  6:24  Drone  
  101  6:26  Drone  
  101  6:29  Zergling x10  
  107  6:33  Overlord  
  107  6:34  Overseer  
  107  6:36  Pneumatized Carapace  
  107  6:41  Zergling x12  
  107  6:42  Queen  
  107  6:43  Drone  
  107  6:46  Zergling x2  
  117  6:53  Spore Crawler  
  117  6:54  Zergling x8  
  120  6:55  Zergling x2  
  120  6:56  Baneling  
  120  6:57  Baneling x5  
  120  6:59  Hatchery  
  120  7:01  Overlord  
  120  7:03  Zergling x10  
  125  7:09  Baneling x4  
  122  7:17  Overlord x7  
  122  7:20  Overseer, Burrow  
  121  7:26  Extractor  
  121  7:27  Extractor, Hydralisk Den  
  121  7:28  Drone x6  
  124  7:30  Zergling x8  
  124  7:32  Zergling x6  
  124  7:36  Baneling  
  131  7:37  Baneling x3  
  131  7:38  Zergling x10  
  131  7:39  Zergling x2  
  131  7:43  Zergling x2  
  131  7:44  Zergling x8  
  142  7:50  Drone x2  
  143  7:53  Zergling x4  
  145  7:58  Muscular Augments  
  145  8:03  Zergling x20  
  154  8:07  Zergling x4  
  154  8:10  Zergling x2  
  154  8:11  Zergling x10  
  157  8:15  Baneling x3  
  157  8:16  Overseer, Hydralisk x2  
  157  8:19  Queen  
  160  8:21  Hydralisk x4, Queen  
  170  8:28  Hydralisk x3  
  170  8:29  Zergling x2  
  170  8:33  Zerg Missile Weapons Level 1  
  176  8:45  Zerg Ground Armor Level 2  
  176  8:46  Hydralisk x2  
  176  8:47  Zergling x16, Hydralisk  
  182  8:50  Spore Crawler  
  182  8:52  Baneling x3  
  181  8:58  Drone x4  
  181  9:00  Baneling  
  181  9:01  Baneling  
  185  9:04  Extractor, Drone x2, Infestation Pit  
  185  9:05  Drone  
  185  9:08  Overlord  
  185  9:13  Zergling x4  
  185  9:17  Zergling x2  
  185  9:18  Zergling x2  
  181  9:24  Zergling x18  
  181  9:29  Zergling x30  
  181  9:30  Zergling x2  
  191  9:39  Zergling x8  
  184  9:47  Zergling x24  
  184  9:51  Baneling  
  184  9:52  Overseer, Baneling x9  
  189  9:54  Hive  
  189  9:55  Overseer, Overlord x2  
  189  10:01  Overlord  
  189  10:02  Baneling x6  
  189  10:04  Overseer  
  189  10:07  Hatchery  
  179  10:18  Zergling x28  
  173  10:25  Zergling x32  
  173  10:27  Baneling x5  
  179  10:38  Hydralisk  
  179  10:39  Zergling x16, Hydralisk  
  179  10:40  Zergling x2  
  179  10:42  Zerg Missile Weapons Level 2  
  191  10:47  Zergling x10  
  191  10:49  Lurker Den  
  194  10:55  Zergling x14  
  199  10:58  Drone  
  199  10:59  Drone  
  199  11:01  Zerg Melee Weapons Level 2  
  198  11:06  Drone  
  198  11:07  Drone  
  199  11:16  Zergling x2  
  199  11:17  Zergling x14  
  176  11:22  Viper x2  
  176  11:28  Hydralisk, Baneling x3  
  176  11:29  Zergling x4, Hydralisk x2  
  176  11:30  Zergling x14  
  190  11:37  Drone x4  
  194  11:40  Unknown  
  192  11:48  Zergling x14  
  192  11:50  Baneling x10  
  192  11:51  Seismic Spines  
  199  11:56  Drone x2, Spore Crawler  
  200  12:05  Baneling x9  
  200  12:16  Baneling x3  
  200  12:17  Baneling x2  
  200  12:20  Zergling x2  
  196  12:26  Zergling x16  
  196  12:27  Zergling x4  
  196  12:32  Hydralisk x2  
  196  12:33  Hatchery  
  196  12:37  Baneling x13  
  180  12:38  Overlord x3  
  161  12:44  Zergling x20  
  161  12:45  Zergling x14  
  161  12:48  Adaptive Talons  
  161  12:50  Lurker x2  
  161  12:51  Lurker x6  
  185  12:57  Hydralisk x7  
  193  13:07  Hydralisk x7  
  193  13:12  Baneling x2  
  197  13:15  Overseer  
  197  13:17  Hydralisk x2  
  197  13:18  Zergling x16  
  196  13:20  Baneling x4  
  191  13:29  Baneling x4  
  191  13:30  Zergling x18  
  199  13:40  Extractor  
  195  13:44  Zergling x18  
  195  13:48  Overlord  
  196  13:53  Baneling x10  
Show
View Real Time Build Order
Export as new Build Order

Clem Terran 

Build Orders: Reaper Expand, Hellion Banshee 

Get SALT Encoding   

  12  0:00  SCV  
  13  0:12  SCV  
  14  0:16  Supply Depot  
  14  0:24  SCV  
  15  0:38  SCV  
  15  0:39  Barracks  
  15  0:42  Refinery  
  16  0:50  SCV  
  17  1:02  SCV  
  18  1:14  SCV  
  19  1:26  Reaper  
  19  1:27  Orbital Command  
  20  1:38  Command Center  
  20  1:46  Supply Depot  
  20  1:52  SCV  
  21  1:58  Marine  
  22  2:04  SCV  
  23  2:10  Factory  
  23  2:16  SCV  
  23  2:19  Barracks Reactor  
  24  2:29  SCV  
  25  2:38  Command Center  
  25  2:41  SCV  
  26  2:53  Orbital Command  
  26  2:54  SCV  
  26  2:58  Starport  
  27  3:04  Hellion  
  29  3:07  SCV  
  29  3:09  Refinery  
  30  3:14  Hellion  
  30  3:18  SCV  
  30  3:19  SCV  
  34  3:24  Barracks Tech Lab  
  34  3:29  Hellion  
  34  3:30  SCV  
  34  3:33  SCV  
  38  3:35  Hellion  
  40  3:42  SCV  
  40  3:45  Banshee, SCV  
  45  3:48  Marine  
  45  3:50  Orbital Command  
  45  3:54  SCV  
  47  3:57  Hellion  
  47  3:58  Hellion  
  47  4:00  SCV  
  52  4:06  SCV  
  52  4:07  Cloaking Field  
  48  4:12  SCV  
  48  4:16  Barracks Tech Lab, Supply Depot, SCV  
  50  4:19  Hellion, SCV  
  50  4:21  Hellion  
  56  4:24  SCV  
  56  4:28  SCV  
  56  4:29  Banshee  
  56  4:31  SCV  
  61  4:37  SCV, Marine  
  63  4:39  Supply Depot  
  63  4:40  SCV  
  63  4:41  Barracks  
  63  4:45  Barracks, SCV  
  65  4:49  Stimpack  
  65  4:54  Refinery  
  65  4:55  Factory Reactor, Refinery  
  65  4:56  Supply Depot, SCV x2  
  65  4:58  SCV  
  68  5:03  Marine  
  69  5:08  SCV, Engineering Bay  
  69  5:09  Orbital Command, Engineering Bay  
  69  5:10  Supply Depot  
  69  5:11  SCV  
  71  5:20  SCV  
  72  5:21  Marine  
  72  5:24  Barracks  
  72  5:25  Barracks, SCV  
  74  5:32  SCV  
  74  5:34  Supply Depot  
  75  5:36  Terran Infantry Weapons Level 1, Starport Reactor  
  75  5:37  Terran Infantry Armor Level 1, SCV  
  75  5:39  Marine x2  
  75  5:41  Factory Reactor  
  78  5:44  Marine  
  78  5:45  SCV  
  78  5:47  SCV  
  75  5:51  SCV, Marine  
  75  5:54  Marine  
  73  5:57  Marine, SCV  
  73  6:01  Supply Depot  
  73  6:02  Marine, SCV  
  73  6:03  Marine  
  78  6:04  SCV  
  78  6:09  SCV  
  78  6:11  Marine  
  79  6:12  Barracks Reactor x2  
  79  6:13  Supply Depot, Medivac x2  
  79  6:14  Marine, SCV  
  79  6:16  SCV  
  79  6:17  Supply Depot  
  87  6:19  Refinery  
  87  6:20  Factory  
  87  6:21  Widow Mine, SCV  
  87  6:22  Widow Mine  
  87  6:23  Marine x2  
  87  6:25  Marine  
  94  6:26  SCV  
  94  6:29  Supply Depot, Marine  
  94  6:30  SCV  
  94  6:31  Marine  
  99  6:35  SCV, Supply Depot  
  99  6:39  SCV  
  101  6:41  Marine  
  101  6:42  Marine  
  101  6:43  SCV  
  104  6:47  Widow Mine x2  
  104  6:48  Supply Depot, SCV  
  104  6:51  Marine x2  
  104  6:52  Marine x5  
  116  6:55  Armory  
  116  6:59  Marine  
  116  7:00  Medivac x2  
  121  7:02  Marine  
  121  7:03  Combat Shield  
  122  7:09  Marine, Widow Mine x2  
  122  7:13  Marine x2  
  128  7:16  Command Center  
  128  7:17  Marine x2  
  128  7:18  Marine x3  
  128  7:20  Marine  
  132  7:23  Factory Tech Lab  
  132  7:25  Supply Depot  
  132  7:27  Marine  
  131  7:30  Marine  
  131  7:31  Marine  
  131  7:34  Widow Mine x2  
  131  7:35  Barracks x2, Marine x3  
  131  7:36  Barracks, Medivac  
  140  7:39  Medivac  
  140  7:40  Marine x2  
  140  7:41  Marine  
  145  7:45  Terran Infantry Weapons Level 2  
  145  7:51  Marine x3  
  142  7:52  Drilling Claws  
  142  7:54  Widow Mine  
  142  7:58  Sensor Tower, Supply Depot  
  148  8:05  Widow Mine  
  148  8:06  Medivac  
  148  8:09  Marine  
  148  8:10  Marine x2  
  148  8:12  Medivac  
  147  8:13  Widow Mine, Marine x2  
  147  8:14  Marine x3  
  147  8:17  Widow Mine  
  147  8:19  Supply Depot  
  154  8:20  Terran Infantry Armor Level 2  
  154  8:22  Marine, SCV x2  
  159  8:27  Widow Mine  
  159  8:28  Marine  
  159  8:33  Marine  
  161  8:34  Marine x2  
  161  8:35  Widow Mine  
  161  8:36  Medivac  
  161  8:38  Widow Mine, SCV  
  161  8:40  SCV  
  164  8:44  Marine x2  
  164  8:45  Marine x2  
  164  8:46  SCV  
  164  8:47  Marine  
  157  8:48  Widow Mine  
  157  8:50  Medivac  
  157  8:51  Barracks Tech Lab  
  157  8:52  Barracks Tech Lab  
  157  8:53  Marine  
  160  8:56  Widow Mine  
  160  8:57  SCV  
  160  8:58  SCV  
  160  9:01  SCV  
  166  9:03  Planetary Fortress  
  166  9:06  Widow Mine  
  166  9:09  SCV  
  162  9:10  SCV  
  162  9:11  Widow Mine  
  162  9:13  SCV  
  162  9:14  Medivac  
  166  9:17  Marine  
  166  9:18  Widow Mine  
  159  9:25  Marine  
  159  9:26  Marine  
  159  9:28  Widow Mine  
  159  9:29  Medivac  
  141  9:32  Marine x4  
  141  9:33  Widow Mine, Marine x5  
  141  9:35  Marine, SCV  
  145  9:39  Widow Mine  
  145  9:43  Marine x2  
  133  9:46  SCV  
  133  9:49  SCV, Widow Mine  
  133  9:50  Marine x5  
  133  9:51  SCV, Marine x4  
  146  9:53  SCV, Marine  
  146  9:54  Widow Mine  
  150  10:00  Widow Mine, Marine  
  150  10:01  Marine  
  150  10:04  Terran Infantry Weapons Level 3  
  154  10:08  Marine x2  
  154  10:09  Marauder x3, Marine  
  154  10:10  Widow Mine  
  163  10:16  Widow Mine  
  155  10:23  Command Center, Widow Mine  
  155  10:25  Medivac, Marine x2  
  155  10:28  Marine x2  
  162  10:29  Marine x2  
  162  10:30  Marauder x3  
  162  10:32  Widow Mine  
  162  10:35  Medivac  
  160  10:36  Marine x2  
  160  10:37  Marine  
  160  10:39  Widow Mine  
  163  10:43  Marine x2  
  163  10:45  Widow Mine  
  163  10:46  Marine x3  
  163  10:47  Marine  
  163  10:52  Marauder x3  
  163  10:54  Marine, Widow Mine  
  163  10:56  Marine x2  
  172  11:00  Marine  
  172  11:01  Ghost Academy  
  172  11:02  Supply Depot  
  172  11:03  Supply Depot, Widow Mine, Marine x2  
  172  11:04  Marine x2  
  175  11:08  Marine  
  175  11:09  Widow Mine  
  170  11:12  Marine  
  170  11:13  Marauder x3  
  170  11:14  Liberator, Marine  
  170  11:15  Widow Mine  
  170  11:16  Marine  
  169  11:18  Marine  
  169  11:20  Marine  
  169  11:21  Marine x2  
  169  11:22  Marine  
  169  11:24  Widow Mine  
  171  11:26  Marine  
  171  11:30  Marine  
  171  11:31  Widow Mine  
  171  11:32  Marine  
  176  11:34  Marine x3  
  176  11:35  SCV, Marauder  
  176  11:36  Marine  
  176  11:37  Widow Mine  
  176  11:38  Marine  
  176  11:39  Marine x2  
  187  11:45  Widow Mine  
  190  11:48  Marine  
  190  11:49  Marine x3  
  190  11:50  SCV  
  190  11:52  Marauder, Widow Mine  
  200  11:55  Planetary Fortress  
  200  11:56  Command Center  
  200  12:02  Barracks Tech Lab  
  199  12:15  Unknown, Sensor Tower  
  199  12:16  Missile Turret  
  199  12:19  Starport  
  199  12:22  Widow Mine  
  198  12:23  Marine  
  198  12:26  Medivac  
  198  12:27  Medivac, Widow Mine  
  198  12:28  Marine  
  197  12:32  Widow Mine  
  197  12:35  Marine  
  197  12:36  Marine  
  197  12:37  Marine  
  192  12:39  Marine x3  
  192  12:40  Marine  
  192  12:41  Marine  
  192  12:44  Widow Mine  
  196  12:48  Command Center, Widow Mine  
  196  12:50  Refinery  
  196  12:51  Command Center, Refinery  
  198  12:52  Marauder  
  198  12:57  Concussive Shells  
  200  13:08  Widow Mine  
  200  13:11  SCV  
  194  13:13  Medivac  
  194  13:15  Marine, Widow Mine  
  194  13:19  Widow Mine, Marine x2  
  188  13:20  Marine, SCV  
  185  13:27  Medivac  
  185  13:30  Marine x2, Widow Mine  
  185  13:31  Orbital Command, Marine  
  185  13:32  Marauder  
  185  13:33  Medivac  
  191  13:34  Marine  
  191  13:36  Widow Mine  
  191  13:37  Marine x3  
  191  13:38  SCV  
  198  13:43  Medivac  
  198  13:46  Marine x2  
  198  13:48  Orbital Command  
  183  13:51  SCV, Widow Mine  
  183  13:52  Command Center  
  183  13:54  SCV  
  186  14:00  Widow Mine  
Tags
 
Add a new tag
Caveats
  • Supply blocks, unpowered buildings, or Contaminate may cause inaccurate times.
  • Supply counts are checked every 10 seconds.